AoeStats
← DOBBY -.-

Arabia

505048880Analyzed
4v4 RM · 25d ago on Sep 7, 2026· 126m 42s· 8 players
Game mode
Random Map
Map size
Large (8 player)
Population
200
Speed
Normal
Resources
Standard
Victory
Conquest
Starting age
Dark Age
Ending age
Imperial Age
RankedLock teamsTeams togetherTeam positionsShared explorationLock speedFull tech treeHidden civsTurbo modeCheats
Victory
Defeat
🇹🇷 Turks · Türkiye
708
+15
🇨🇱 Aztecs · Chile
683
+16
🇦🇷 Romans · Argentina
681
+16
🇺🇸 Maya · United States
651
+18
🇧🇷 Inca · Brazil
697
-30
🇧🇷 Japanese · Brazil
692
-17
🇧🇷 Bulgarians · Brazil
681
-16
🇧🇷 Slavs · Brazil
677
-16
DOBBY -.-
8:19 Loom
10:25 Feudal Age
13:48 Wheelbarrow
21:35 Castle Age
28:51 Double-Bit Axe
31:24 Bow Saw
34:12 Fletching
34:23 Padded Archer Armor
34:49 Bodkin Arrow
39:00 Imperial Age
36:48 Hand Cart
38:35 Ballistas
39:28 Ballistics
41:30 Chemistry
40:22 Heavy Scorpion
53:25 Leather Archer Armor
Dremora
5:21 Loom
13:01 Feudal Age
13:31 Double-Bit Axe
15:26 Man-at-Arms
19:41 Fletching
20:14 Padded Archer Armor
21:30 Gold Mining
21:33 Stone Mining
25:03 Castle Age
25:43 Crossbowman
26:47 Bodkin Arrow
28:53 Stone Shaft Mining
31:21 Bow Saw
35:19 Gold Shaft Mining
35:31 Wheelbarrow
34:42 Town Watch
36:38 Hand Cart
42:43 Imperial Age
44:54 Chemistry
44:14 Ballistics
43:41 Horse Collar
46:20 Heavy Plow
47:32 Fervor
47:43 Sanctity
46:48 Elite Jaguar Warrior
47:49 Conscription
48:45 Caravan
48:29 Treadmill Crane
48:56 Siege Engineers
49:49 Forging
49:39 Scale Mail Armor
49:55 Leather Archer Armor
49:41 Bracer
51:24 Crop Rotation
51:11 Squires
50:57 Arson
52:02 Garland Wars
52:33 Capped Ram
54:28 Siege Ram
55:30 Arbalester
59:15 Iron Casting
58:55 Chain Mail Armor
69:00 Atlatl
68:53 Onager
73:20 Elite Skirmisher
84:14 Eagle Warrior
84:40 Gambesons
84:15 Pikeman
84:16 Long Swordsman
107:16 Block Printing
114:59 Elite Eagle Warrior
122:07 Blast Furnace
121:38 Plate Mail Armor
122:27 Fortified Wall
122:12 Murder Holes
jeffnoble1985
1:42 Loom
11:46 Feudal Age
13:05 Wheelbarrow
12:12 Horse Collar
12:22 Double-Bit Axe
12:36 Gold Mining
17:40 Fletching
23:58 Stone Mining
28:33 Castle Age
28:16 Forging
29:02 Scale Mail Armor
29:15 Squires
28:37 Pikeman
29:55 Arson
29:31 Eagle Warrior
33:18 Padded Archer Armor
34:45 Hand Cart
39:08 Bow Saw
41:43 Stone Shaft Mining
49:01 Heavy Plow
49:11 Town Watch
50:30 Iron Casting
50:11 Chain Mail Armor
50:22 Hul'che Javelineers
55:34 Imperial Age
54:30 Caravan
57:06 Elite Skirmisher
58:55 Conscription
63:48 Conscription
65:07 Holcans
72:14 Guilds
72:44 Halberdier
74:03 Ballistics
74:46 Chemistry
75:07 Crop Rotation
76:07 Two-Man Saw
76:52 Blast Furnace
76:27 Leather Archer Armor
75:56 Treadmill Crane
77:46 Elite Eagle Warrior
81:00 Plate Mail Armor
80:27 Bodkin Arrow
83:14 Bracer
83:47 Ring Archer Armor
83:10 Heated Shot
83:31 Masonry
83:34 Fortified Wall
83:20 Murder Holes
87:03 Thumb Ring
104:34 Architecture
104:16 Fortified Wall
115:29 Crossbowman
{C*}SIFIR
11:40 Feudal Age
12:11 Double-Bit Axe
21:52 Castle Age
22:48 Bow Saw
25:20 Padded Archer Armor
25:13 Fletching
29:48 Caravan
31:39 Leather Archer Armor
35:02 Imperial Age
37:19 Ring Archer Armor
37:26 Sipahi
39:09 Elite Janissary
41:17 Murder Holes
41:33 Fortified Wall
44:58 Conscription
45:25 Forging
48:59 Iron Casting
48:51 Ballistics
48:22 Heated Shot
48:43 Masonry
57:29 Architecture
91:32 Bloodlines
Soler
11:08 Feudal Age
12:28 Wheelbarrow
12:23 Man-at-Arms
12:47 Horse Collar
14:54 Forging
17:14 Scale Mail Armor
23:35 Castle Age
21:44 Fletching
22:04 Scale Barding Armor
22:14 Double-Bit Axe
22:45 Stone Mining
24:42 Squires
26:44 Hand Cart
26:37 Heavy Plow
29:48 Town Watch
30:42 Iron Casting
31:11 Chain Mail Armor
34:54 Imperial Age
33:30 Detinets
34:28 Chain Barding Armor
34:36 Long Swordsman
36:05 Conscription
36:17 Two-Handed Swordsman
37:44 Champion
39:56 Siege Engineers
48:17 Chemistry
49:11 Plate Barding Armor
49:09 Plate Mail Armor
49:21 Onager
51:15 Blast Furnace
56:50 Siege Onager
93:39 Gold Mining
98:37 Gold Shaft Mining
119:21 Light Cavalry
lumorgoth
4:24 Loom
11:07 Feudal Age
13:28 Wheelbarrow
13:19 Horse Collar
14:12 Double-Bit Axe
15:37 Arson
24:52 Forging
25:51 Bloodlines
29:58 Castle Age
30:20 Light Cavalry
31:02 Husbandry
32:25 Hand Cart
33:54 Gold Mining
37:21 Iron Casting
36:51 Scale Barding Armor
37:47 Gambesons
38:03 Squires
46:56 Imperial Age
46:59 Chain Barding Armor
46:42 Scale Mail Armor
46:44 Padded Archer Armor
47:23 Gold Shaft Mining
46:50 Heavy Plow
48:41 Elite Skirmisher
51:41 Stirrups
51:18 Cavalier
62:51 Blast Furnace
62:27 Plate Barding Armor
62:15 Chain Mail Armor
62:07 Bagains
64:43 Thumb Ring
64:17 Elite Konnik
69:15 Ballistics
69:57 Chemistry
90:12 Plate Mail Armor
kentane
12:24 Loom
14:09 Feudal Age
16:59 Double-Bit Axe
18:39 Arson
27:22 Castle Age
28:30 Bow Saw
28:05 Horse Collar
28:21 Gold Mining
36:11 Wheelbarrow
46:06 Elite Skirmisher
46:12 Elite Skirmisher
47:40 Andean Sling
47:52 Heavy Plow
48:28 Gold Shaft Mining
50:34 Imperial Age
49:53 Scale Mail Armor
50:03 Forging
49:56 Padded Archer Armor
49:47 Fletching
49:25 Champi Runner
52:58 Champi Warrior
54:24 Iron Casting
54:05 Chain Mail Armor
54:07 Leather Archer Armor
53:48 Bodkin Arrow
54:51 Hand Cart
55:43 Stone Mining
58:32 Blast Furnace
58:04 Plate Mail Armor
58:24 Ring Archer Armor
57:54 Bracer
79:58 Elite Kamayuk
81:07 Conscription
86:48 Fabric Shields
112:40 Crop Rotation
112:46 Stone Shaft Mining
Hirohito 裕仁
12:37 Feudal Age
13:25 Double-Bit Axe
13:25 Man-at-Arms
13:51 Arson
15:04 Forging
15:23 Scale Mail Armor
16:14 Horse Collar
20:12 Wheelbarrow
24:50 Castle Age
23:52 Fletching
24:00 Stone Mining
25:05 Long Swordsman
25:08 Elite Skirmisher
28:43 Iron Casting
28:04 Bodkin Arrow
28:38 Heavy Plow
31:42 Hand Cart
32:57 Bow Saw
33:12 Town Watch
34:26 Gold Mining
35:41 Town Patrol
45:56 Imperial Age
45:02 Chain Mail Armor
46:58 Elite Samurai
47:24 Onager
73:32 Gold Shaft Mining
74:01 Conscription
83:21 Kataparuto
85:39 Blast Furnace
85:10 Plate Mail Armor
85:38 Caravan
101:55 Bracer
101:56 Padded Archer Armor
102:42 Heavy Scorpion
103:50 Light Cavalry
104:42 Bloodlines
104:33 Husbandry
Connection lost

Rejoining the realm…

Still unreachable

The connection could not be restored.

Session expired

The server has moved on; the page needs a fresh start.